 Dungeon Crawl Stone Soup version 0.30-a0-218-gedb9141078 (webtiles) character file.

Game seed: 14173806835344867619

12 InGeneral the Chiller (level 2, -1/19 HPs)
             Began as a Merfolk Ice Elementalist on Oct 5, 2022.
             Slain by a hobgoblin (2 damage)
             ... on level 2 of the Dungeon.
             The game lasted 00:22:39 (1260 turns).

InGeneral the Chiller (Merfolk Ice Elementalist)    Turns: 1260, Time: 00:22:40

Health: -1/19      AC:  2    Str:  8    XL:     2   Next: 33%
Magic:  0/5        EV: 12    Int: 14    God:
Gold:   60         SH:  0    Dex: 14    Spells: 4/5 levels left

rFire   x x .      SeeInvis .    (no weapon)
rCold   + + .      Faith    .    (no shield)
rNeg    . . .      Spirit   .    a - +0 robe
rPois   .          Reflect  .    (no helmet)
rElec   .          Harm     .    (no cloak)
rCorr   .          Rampage  .    (no gloves)
Will    .....                    (no boots)
Stlth   ++........               (no amulet)
HPRegen 0.23/turn                b - ring of ice
MPRegen 0.09/turn                g - ring of ice

@: no status effects
A: (nimble swimmer 2), mertail
a: no special abilities


You were on level 2 of the Dungeon.
You visited 1 branch of the dungeon, and saw 2 of its levels.

You collected 60 gold pieces.

Inventory:

Hand Weapons
 h - a +0 mace
Armour
 a - a +0 robe (worn)
 j - a +0 leather armour
Jewellery
 b - a ring of ice (left hand)
 g - a ring of ice (right hand)
Scrolls
 c - a scroll of blinking {unknown}
 e - a scroll of fear {unknown}
 i - a scroll of identify {unknown}
Potions
 d - a potion of cancellation {unknown}
 f - a potion of curing {unknown}


   Skills:
 + Level 2.6 Dodging
 + Level 2.1 Stealth
 + Level 0.2 Unarmed Combat
 + Level 2.1 Spellcasting
 + Level 4.9 Ice Magic


You had 4 spell levels left.
You knew the following spells:

 Your Spells              Type           Power      Damage    Failure   Level
a - Freeze                Ice            100%       1d11      3%          1

Your spell library contained the following spells:

 Spells                   Type           Power      Damage    Failure   Level
 Frozen Ramparts          Ice            68%        1d11      10%         3
 Ozocubu's Armour         Ice            34%        N/A       10%         3
 Summon Ice Beast         Ice/Summ       18%        N/A       65%         4


Dungeon Overview and Level Annotations

Branches:
Dungeon (2/15)

Altars:


Innate Abilities, Weirdness & Mutations

((You are very nimble when in or above water. (Stealth+, EV+, Speed+++)))
Your lower body shifts to a powerful aquatic tail in water.


Message History

Casting: Freeze (safe; 3% risk of failure)
Confirm with . or Enter, or press ? or * to list all spells.
Aiming: Freeze (safe; 3% risk of failure)
Press: ? - help, Shift-Dir - straight line, f - hobgoblin, p - worm
Aim: a hobgoblin You feel a strong surge of power!
You freeze the hobgoblin.
The hobgoblin is moderately wounded.
The hobgoblin closely misses you. The hobgoblin hits you.
* * * LOW HITPOINT WARNING * * *
A kobold comes into view. It is wielding a +0 whip.
A hobgoblin comes into view.
The hobgoblin shouts!
You hear a shout!
The hobgoblin attacks as you move away! The hobgoblin hits you.
* * * LOW HITPOINT WARNING * * *
A bat comes into view.
Found a sedimented ruby potion.
The hobgoblin misses you. The hobgoblin attacks as you move away!
The hobgoblin closely misses you.
You see here a sedimented ruby potion.
The hobgoblin attacks as you move away! The hobgoblin hits you.
* * * LOW HITPOINT WARNING * * *
The hobgoblin attacks as you move away! The hobgoblin barely misses you.
Casting: Freeze (safe; 3% risk of failure)
Confirm with . or Enter, or press ? or * to list all spells.
Aiming: Freeze (safe; 3% risk of failure)
Press: ? - help, Shift-Dir - straight line, f - you, p - hobgoblin That would be overly suicidal.
Okay, then.
Casting: Freeze (safe; 3% risk of failure)
Confirm with . or Enter, or press ? or * to list all spells.
Aiming: Freeze (safe; 3% risk of failure)
Press: ? - help, Shift-Dir - straight line, f - hobgoblin
Aim: a hobgoblin (lightly wounded)
You feel a strong surge of power!
You freeze the hobgoblin!
You kill the hobgoblin!
The hobgoblin hits you.
* * * LOW HITPOINT WARNING * * *
The hobgoblin attacks as you move away! The hobgoblin hits you.
You die...

##.#.# #?#..###)#.#
#....####.#.#..#
#.#.## #........
#....# #.....
#.K.##.####.##.#
###.##
#......w.......# #.##
..####..######....###
#...
#.....!K...#######
#### #......###g#
#......# #@#
........# #.#
#..####.# #.# ##. #.#
#.. # #.# ### ...


You could see a hobgoblin.

Vanquished Creatures
  A dart slug (D:2)
  2 hobgoblins
  A quokka (D:1)
  2 ball pythons
  3 bats (D:1)
  A frilled lizard (D:1)
  A rat (D:1)
11 creatures vanquished.

Notes
Turn   | Place    | Note
-------+----------+-------------------------------------------
     0 | D:1      | InGeneral the Merfolk Ice Elementalist began the quest for
                  | the Orb.
     0 | D:1      | Reached XP level 1. HP: 13/13 MP: 3/3
   727 | D:1      | Reached XP level 2. HP: 19/19 MP: 3/5
  1260 | D:2      | Slain by a hobgoblin

Illustrated notes

Levels and vault maps discovered:
D:1:      giann_wishing_wells, layout_loops_corners
D:2:      layout_basic, fountainhead, minmay_heptomino_l4

Action                   || total
-------------------------++-------
Melee: Unarmed           ||    35
 Cast: Freeze            ||    20
  Use: Potion            ||     1
Armor: Robe              ||     8
Dodge: Dodged            ||    37

Table legend: (Time is in decaauts)
 A = Elapsed time spent in this place.
 B = Non-inter-level travel time spent in this place.
 C = Inter-level travel time spent in this place.
 D = Time resting spent in this place.
 E = Time spent auto-exploring this place.
 F = Levels seen in this place.
 G = Mean time per level.
                   A        B        C        D        E       F      G
               +--------+--------+--------+--------+--------+-----+--------+
         Total |   1258 |   1247 |     11 |    200 |      0 |   2 |  629.0 |
       Dungeon |   1258 |   1247 |     11 |    200 |      0 |   2 |  629.0 |
               +--------+--------+--------+--------+--------+-----+--------+

Top non-repeatable levels by time:
     D:1: 1137 daAuts
     D:2: 121 daAuts
